 Dungeon Sprint DCSS version 0.26-a0-695-g987792ac36 (webtiles) character file.

Game seed: 12077176297807475438

1225 olmar the Cleaver (level 8, -2/85 HPs)
             Began as a Deep Dwarf Fighter on Oct 25, 2020.
             Was an Initiate of Gozag.
             Succumbed to Sonja's poison
             ... in the Dungeon (Sprint I: "Red Sonja").
             The game lasted 00:02:15 (287 turns).

olmar the Cleaver (Deep Dwarf Fighter)               Turns: 287, Time: 00:02:16

Health: -2/85      AC:  8    Str: 23    XL:     8   Next: 23%
Magic:  3/3        EV:  9    Int:  8    God:    Gozag
Gold:   526        SH:  0    Dex: 12    Spells: 7/7 levels left

rFire    . . .     SeeInvis .   i - +1 war axe (flame)
rCold    . . .     Faith    .   c - +0 kite shield
rNeg     . . .     Spirit   .   b - +0 scale mail
rPois    .         Reflect  .   (no helmet)
rElec    .         Harm     .   (no cloak)
rCorr    .         Rampage  .   (no gloves)
MR       +....     NoTele   +   (no boots)
Stlth    ..........             (no amulet)
HPRegen  0.00/turn              (no ring)
MPRegen  0.08/turn              (no ring)

@: confused, lethally poisoned (-2 -> -193), non-regenerating, hasted, very
quick
A: damage resistance, heal wounds, sense surroundings 1, no regeneration
a: Heal Wounds, Potion Petition, Call Merchant, Bribe Branch, Renounce Religion


You were in the Dungeon.
You worshipped Gozag.
Gozag was pleased with you.
You visited 1 branch You collected 698 gold pieces.
You spent 172 gold pieces at shops.

Inventory:

Hand Weapons
 a - a +0 war axe
 i - a +1 war axe of flaming (weapon)
Armour
 b - a +0 scale mail (worn)
 c - a +0 kite shield (worn)
 l - a +0 scale mail
Wands
 k - a wand of polymorph (1)
Scrolls
 j - a scroll of blinking
Potions
 h - 2 potions of magic


   Skills:
 + Level 9.3 Fighting
 + Level 10.9 Axes
 + Level 9.6 Armour
 - Level 0.7 Dodging
 + Level 2.0 Stealth
 + Level 9.9 Shields


You had 7 spell levels left.
You didn't know any spells.
Your spell library was empty.

Dungeon Overview and Level Annotations

Branches:
Dungeon (1/1)

Altars:
Cheibriados
Dithmenos
Elyvilon
Fedhas
Gozag
Hepliaklqana
Kikubaaqudgha
Makhleb
Nemelex Xobeh
Okawaru
Qazlal
Ru
Sif Muna
Trog
Uskayaw
Vehumet
Wu Jian
Xom
Yredelemnul
Zin
The Shining One
Jiyva
Lugonu

Shops:
D (

Annotations:
D Sonja


Innate Abilities, Weirdness & Mutations

You are resistant to damage.
You can heal yourself by infusing magical energy.
You passively map a small area around you.
You do not regenerate.


Message History

Sonja hits you but does no damage.
You are more poisoned.
Sonja hits you but does no damage.
You are more poisoned.
Sonja hits you with a +3 dagger of venom.
* * * LOW HITPOINT WARNING * * *
You are more poisoned.
Unknown command.
You slash Sonja! You burn Sonja.
Sonja is moderately wounded.
* * * LOW HITPOINT WARNING * * *
You feel extremely sick.
Sonja hits you with a +3 dagger of venom.
You are more poisoned.
Sonja hits you but does no damage.
You are more poisoned.
Sonja hits you but does no damage.
You are more poisoned.
You die...
Your body crumbles into a pile of gold.

#..#####'#####'#__####...+
*$ #..####..#...#.####$
##### , $ #..#__####..##.#
≈ $$ +* #..#_____##'#_.+ +
#⌠⌠#_.∩...'..._# $$ ,
####_..__##_(#'# * * ,,
$$#_____###(#)# $, $ ^ , *
#########K### * , * $
,+$.@+$$ $$+ + + #$.$#* *
** $ , *##.## , , $#'#$* ,
$ ,*


$!$!$ * $ , $?[?$ ,, , , ,#######, , , $ ,, $ , * $ $$ You could see Sonja.

Vanquished Creatures
  2 kobold demonologists (D)
  A slime creature (D)
  Sigmund (D)
  A yak (D)
  A floating eye (D)
  An ogre (D)
  A jelly (D)
  Ijyb (D)
9 creatures vanquished.

Vanquished Creatures (others)
  2 ballistomycete spores (D)
2 creatures vanquished.

Grand Total: 11 creatures vanquished

Notes
Turn   | Place    | Note
-------+----------+-------------------------------------------
     0 | D        | olmar the Deep Dwarf Fighter began the quest for the Orb.
     0 | D        | Reached XP level 1. HP: 20/20 MP: 1/1
     2 | D        | Noticed Ijyb
    17 | D        | Killed Ijyb
    17 | D        | Reached skill level 3 in Axes
    17 | D        | Reached XP level 2. HP: 30/30 MP: 2/2
    21 | D        | Noticed an ogre
    25 | D        | Killed an ogre
    25 | D        | Reached skill level 5 in Fighting
    25 | D        | Reached skill level 4 in Axes
    25 | D        | Reached XP level 3. HP: 39/39 MP: 3/3
    25 | D        | Reached XP level 4. HP: 46/46 MP: 4/4
    77 | D        | Noticed Sigmund
    91 | D        | Killed Sigmund
    91 | D        | Reached skill level 6 in Axes
    91 | D        | Reached XP level 5. HP: 35/56 MP: 4/4
    91 | D        | Reached XP level 6. HP: 39/63 MP: 5/5
   103 | D        | Found an ornate altar of the Wu Jian Council.
   103 | D        | Found a shimmering blue altar of Sif Muna.
   106 | D        | Found a radiant altar of Vehumet.
   114 | D        | Found Listots's Weapon Emporium.
   114 | D        | Found an ancient bone altar of Kikubaaqudgha.
   114 | D        | Found a hazy altar of Hepliaklqana.
   114 | D        | Found a hide-covered altar of Uskayaw.
   114 | D        | Found a basalt altar of Yredelemnul.
   114 | D        | Found an opulent altar of Gozag.
   114 | D        | Found a snail-covered altar of Cheibriados.
   114 | D        | Found a sacrificial altar of Ru.
   114 | D        | Found a shadowy altar of Dithmenos.
   114 | D        | Noticed a yak
   124 | D        | Killed a yak
   124 | D        | Reached skill level 8 in Axes
   125 | D        | Found a stormy altar of Qazlal.
   125 | D        | Found a blossoming altar of Fedhas.
   125 | D        | Found a bloodstained altar of Trog.
   125 | D        | Found an iron altar of Okawaru.
   125 | D        | Found a glowing golden altar of the Shining One.
   125 | D        | Found a glowing silver altar of Zin.
   125 | D        | Found a white marble altar of Elyvilon.
   126 | D        | Found a sparkling altar of Nemelex Xobeh.
   129 | D        | Became a worshipper of Gozag Ym Sagoz the Greedy
   155 | D        | Bought a +1 war axe of flaming for 172 gold pieces
   176 | D        | Found a burning altar of Makhleb.
   176 | D        | Found a viscous altar of Jiyva.
   176 | D        | Found a shimmering altar of Xom.
   176 | D        | Found a corrupted altar of Lugonu.
   176 | D        | Noticed a slime creature
   193 | D        | Killed a slime creature
   193 | D        | Reached skill level 9 in Axes
   193 | D        | Reached skill level 1 in Stealth
   193 | D        | Reached XP level 7. HP: 44/75 MP: 4/4
   211 | D        | Noticed a kobold demonologist
   211 | D        | Noticed a kobold demonologist
   212 | D        | Paralysed by a floating eye for 2 turns
   217 | D        | Killed a kobold demonologist
   217 | D        | Reached skill level 10 in Axes
   219 | D        | Noticed a hellwing
   219 | D        | Killed a kobold demonologist
   219 | D        | Reached XP level 8. HP: 67/85 MP: 4/4
   237 | D        | Noticed Sonja
   287 | D        | Succumbed to Sonja's poison

Illustrated notes

Levels and vault maps discovered:
D:        dungeon_sprint_1 [red_sonja_temple_1, red_sonja_temple_small_1]

Skill      XL: |  1  2  3  4  5  6  7 |
---------------+----------------------+-----
Fighting       | 3 5 6 8 9 |  9.3
Axes           | 3 4 6 9 10 | 10.9
Armour         | 4 6 7 8 9 |  9.6
Shields        | 4 6 7 9 |  9.9
Stealth        | 1 2 |  2.0
Dodging        | |  0.7

Action                   |  1- 3 |  4- 6 |  7- 9 || total
-------------------------+-------+-------+-------++-------
Melee: War axe           |    17 |    40 |    25 ||    82
 Abil: Heal Wounds       |       |     3 |    13 ||    16
  Use: Potion            |     1 |       |     4 ||     5
Armor: Skin              |    11 |       |       ||    11
       Scale mail        |       |     5 |    38 ||    43
Dodge: Dodged            |     2 |    13 |    13 ||    28
Block: Kite shield       |     6 |    11 |    43 ||    60

Table legend: (Time is in decaauts)
 A = Elapsed time spent in this place.
 B = Non-inter-level travel time spent in this place.
 C = Inter-level travel time spent in this place.
 D = Time resting spent in this place.
 E = Time spent auto-exploring this place.
 F = Levels seen in this place.
 G = Mean time per level.
                   A        B        C        D        E       F      G
               +--------+--------+--------+--------+--------+-----+--------+
         Total |    321 |    314 |      7 |     51 |      0 |   1 |  321.0 |
       Dungeon |    321 |    314 |      7 |     51 |      0 |   1 |  321.0 |
               +--------+--------+--------+--------+--------+-----+--------+

Top non-repeatable levels by time:
       D: 321 daAuts
